 Dungeon Crawl Stone Soup version 0.31-a0-177-g4aa6249778 (webtiles) character file.

Game seed: 13850694614893333891

193 qw the Chopper (level 5, -8/32 HPs)
             Began as a Gargoyle Fighter on June 18, 2023.
             Mangled by Duvessa
             ... wielding a +0 short sword
              (11 damage)
             ... on level 4 of the Dungeon.
             The game lasted 00:01:09 (2588 turns).

qw the Chopper (Gargoyle Fighter)                   Turns: 2588, Time: 00:01:09

Health: -8/32      AC:  0    Str: 21    XL:     5   Next: 72%
Magic:  5/5        EV: 17    Int:  9    God:
Gold:   127        SH:  0    Dex: 14    Spells: 4/4 levels left

rFire   . . .        Y - melded +1 war axe (venom)
rCold   . . .        c - melded +0 buckler
rNeg    + . .        i - melded +0 chain mail
rPois   inf          (helmet currently unavailable)
rElec   .            o - melded +0 cloak
rCorr   .            (gloves currently unavailable)
SInv    .            (boots currently unavailable)
Will    .....        s - amulet of faith
Stlth   +            l - melded ring of willpower
HPRegen 0.25/turn    p - melded ring of protection from cold
MPRegen 0.09/turn

%: faith
@: lit by a corona, bat-form, flying, glowing, very quick
A: fast, flying, no casting, sickness immunity, AC +4, tiny, negative energy
resistance 1, (electricity resistance), torment resistance 1, petrification
resistance
a: no special abilities


You were on level 4 of the Dungeon.
You were a bat.
You visited 1 branch of the dungeon, and saw 4 of its levels.

You collected 176 gold pieces.
You spent 49 gold pieces at shops.


Innate Abilities, Weirdness & Mutations

You are a bat.
You are tiny and dextrous.
You move quickly.
You are flying.
Your equipment is almost entirely melded.
You are incapable of wielding weapons or throwing items.
You cannot cast spells.
You are immune to sickness and miasma.
((Your stone body is resilient. (AC +4)))
You are immune to poison.
You resist negative energy. (rN+)
((You are resistant to electric shocks. (rElec)))
You are resistant to unholy torment.
You are immune to petrification.


   Skills:
 - Level 3.2 Fighting
 - Level 5.2 Axes
 - Level 3.2 Armour
 + Level 0.0 Dodging
 - Level 3.2 Shields


You had 4 spell levels left.
You didn't know any spells.
Your spell library was empty.

Inventory:

Hand Weapons
 n - a +0 whip
 Y - a +1 war axe of venom (melded)
Missiles
 r - 2 boomerangs (quivered)
Armour
 c - a +0 buckler (melded)
 h - a +0 ring mail of fire resistance
 i - a +0 chain mail (melded)
 o - a +0 cloak (melded)
Jewellery
 l - a ring of willpower (melded)
 p - a ring of protection from cold (melded)
 s - an amulet of faith (around neck)
Scrolls
 f - a scroll of identify
Potions
 d - a potion of might
 e - a potion of enlightenment {unknown}
 k - a potion of invisibility {unknown}
 m - a potion of mutation {unknown}
 q - 2 potions of heal wounds
 t - a potion of attraction {unknown}

Dungeon Overview and Level Annotations

Branches:
Dungeon (4/15)
 Temple: D:4-7

Altars:

Shops:
D:2 [

Annotations:
D:4 Dowan, Duvessa


Message History

You closely miss Dowan. Dowan barely misses you. Dowan casts a spell at you.
You easily resist.
Duvessa zaps a wand.
You turn into a bat.
Your +1 war axe of venom melds into your body.
Your +0 cloak melds into your body.
Your +0 buckler melds into your body.
Your +0 chain mail melds into your body.
Your ring of willpower melds into your body.
Your ring of protection from cold melds into your body.
Your +1 war axe of venom stops dripping with poison.
You hit Dowan.
Dowan is lightly wounded.
You feel your willpower return. Dowan closely misses you.
You barely miss Dowan.
Dowan is lightly wounded.
Dowan misses you. x2
You hit Dowan but do no damage.
Dowan is lightly wounded.
Dowan hits you with a +0 dagger of speed.
You hit Dowan but do no damage.
Dowan is lightly wounded.
Dowan smirks and points a slender finger.
Dowan hits you with a +0 dagger of speed.
You barely miss Duvessa. Duvessa completely misses you.
Dowan barely misses you. Dowan casts a spell at you.
You are outlined in light.
You hit Duvessa but do no damage. Duvessa hits you with a +0 short sword.
You hit Duvessa but do no damage.
Dowan casts a spell at Duvessa.
Duvessa seems to speed up.
Duvessa hits you with a +0 short sword!
You hit Duvessa but do no damage. Duvessa closely misses you.
Dowan misses you. x2
You hit Duvessa but do no damage. Duvessa hits you with a +0 short sword!
Dowan hits you with a +0 dagger of speed.
Duvessa hits you with a +0 short sword!
You die...

......%<.....#
.............#
.......[..<..#
#########.....#
#.......#.....#
#.......#.....#
#.......'.....#
#.......#.....#
#..###b##.....#
#ee###+#.....
..... .....
........ .....
#......... ....
+.......... ...
#..........#
#^###..#####


You could see Duvessa (fast) and Dowan.

Vanquished Creatures
  A black bear (D:4)
  2 adders (D:3)
  3 gnolls (D:2)
  A worm (D:2)
  A dart slug (D:3)
  An orc (D:3)
  4 ball pythons
  3 bats
  5 endoplasms
  3 giant cockroaches
  2 goblins
  7 hobgoblins
  3 jackals (D:3)
  5 kobolds
  2 quokkas
  3 frilled lizards
  5 rats
51 creatures vanquished.

Notes
Turn   | Place    | Note
-------+----------+-------------------------------------------
     0 | D:1      | qw the Gargoyle Fighter began the quest for the Orb.
     0 | D:1      | Reached XP level 1. HP: 14/14 MP: 1/1
     0 | D:1      | 0 ||| qw: Version: 0.3-a-5-g6f28e65
     0 | D:1      | 0 ||| qw: Game counter: 527
     0 | D:1      | 0 ||| qw: Always use a shield: true
     0 | D:1      | 0 ||| qw: God list: Okawaru
     0 | D:1      | 0 ||| qw: Allow faded altars: false
     0 | D:1      | 0 ||| qw: Do Orc after D:15 true
     0 | D:1      | 0 ||| qw: Do second Lair branch before Depths: true
     0 | D:1      | 0 ||| qw: Lair rune preference: random
     0 | D:1      | 0 ||| qw: Plans: Normal, Zot:1-4, Slime:5, God:TSO, Crypt,
                  | Tomb, Abyss, Pan, Hells, Win
     0 | D:1      | 0 ||| PLANNING D:1-11
   226 | D:1      | Reached skill level 2 in Axes
   279 | D:1      | Reached XP level 2. HP: 8/19 MP: 2/2
   640 | D:1      | Found a faded altar of an unknown god.
   774 | D:1      | 774 ||| UPGRADING to +0 ring mail of fire resistance.
   784 | D:1      | 784 ||| UPGRADING to ring of willpower.
   785 | D:1      | 785 ||| READING scroll labelled TOQATZ WUSUTZA.
   786 | D:1      | 786 ||| READING scroll labelled GUREEV JOTHEDI.
   887 | D:1      | 887 ||| READING scroll labelled POJILICUIR.
   888 | D:1      | 888 ||| READING scroll labelled QEPPEK VU COFE.
  1091 | D:2      | Reached skill level 3 in Axes
  1106 | D:2      | 1106 ||| Stepping ~*~*~tactically~*~*~ (hiding).
  1131 | D:2      | 1131 ||| Stepping ~*~*~tactically~*~*~ (stealth).
  1132 | D:2      | Found Naodaiti's Armour Shop.
  1146 | D:2      | 1146 ||| BUYING +0 chain mail (49 gold).
  1146 | D:2      | Bought a +0 chain mail for 49 gold pieces
  1146 | D:2      | 1146 ||| SHOPLISTING +0 pair of boots (49 gold, have 44).
  1146 | D:2      | 1146 ||| SHOPLISTING +2 ring mail of fire resistance (231
                  | gold, have 44).
  1228 | D:2      | Reached XP level 3. HP: 23/23 MP: 3/3
  1357 | D:2      | 1357 ||| Stepping ~*~*~tactically~*~*~ (hiding).
  1359 | D:2      | 1359 ||| Stepping ~*~*~tactically~*~*~ (hiding).
  1379 | D:2      | Reached XP level 4. HP: 22/28 MP: 4/4
  1426 | D:2      | 1426 ||| Stepping ~*~*~tactically~*~*~ (stealth).
  1670 | D:2      | 1670 ||| DROPPING +0 scale mail.
  1671 | D:2      | 1671 ||| UPGRADING to +0 chain mail.
  1681 | D:2      | 1681 ||| UPGRADING to +0 cloak.
  1686 | D:2      | 1686 ||| DROPPING ring of magical power.
  1687 | D:2      | 1687 ||| UPGRADING to ring of protection from cold.
  1688 | D:2      | 1688 ||| READING scroll labelled RIAREM JAOCSOW.
  1689 | D:2      | 1689 ||| DRINKING 3 silvery potions.
  1697 | D:2      | 1697 ||| DROPPING 2 potions of ambrosia.
  1726 | D:3      | Reached skill level 4 in Axes
  1727 | D:3      | 1727 ||| Stepping ~*~*~tactically~*~*~ (stealth).
  1729 | D:3      | 1729 ||| Stepping ~*~*~tactically~*~*~ (stealth).
  1738 | D:3      | 1738 ||| Stepping ~*~*~tactically~*~*~ (stealth).
  1739 | D:3      | 1739 ||| Stepping ~*~*~tactically~*~*~ (stealth).
  1998 | D:3      | 1998 ||| Stepping ~*~*~tactically~*~*~ (hiding).
  2001 | D:3      | 2001 ||| Stepping ~*~*~tactically~*~*~ (stealth).
  2009 | D:3      | 2009 ||| Stepping ~*~*~tactically~*~*~ (hiding).
  2011 | D:3      | 2011 ||| Stepping ~*~*~tactically~*~*~ (hiding).
  2013 | D:3      | 2013 ||| Stepping ~*~*~tactically~*~*~ (hiding).
  2528 | D:3      | 2528 ||| DROPPING scarf of invisibility.
  2529 | D:3      | 2529 ||| UPGRADING to amulet of faith.
  2534 | D:3      | 2534 ||| DROPPING ring of flight.
  2535 | D:3      | 2535 ||| DROPPING +6 ring of intelligence.
  2536 | D:3      | 2536 ||| READING 2 scrolls labelled DUJOWU HALUSTRI.
  2537 | D:3      | 2537 ||| READING scroll labelled QUKIDD VAIL.
  2538 | D:3      | 2538 ||| DRINKING 3 puce potions.
  2539 | D:3      | 2539 ||| DROPPING scroll of blinking.
  2562 | D:4      | Noticed a black bear
  2567 | D:4      | Killed a black bear
  2568 | D:4      | Reached skill level 5 in Axes
  2568 | D:4      | Reached XP level 5. HP: 32/32 MP: 5/5
  2577 | D:4      | Noticed Duvessa
  2577 | D:4      | Noticed Dowan
  2588 | D:4      | HP: 4/32 [Duvessa/+0 short sword (8)]
  2588 | D:4      | Mangled by Duvessa

Levels and vault maps discovered:
D:1:      saegor_arrival_under_anarchy, layout_loops_ring,
          hellmonk_ecumenical_altar_inner_sanctum, minmay_misc_feat_pillars
D:2:      layout_loops_cross, serial_shops, shop
D:3:      layout_loops_cross, nrook_uturn
D:4:      layout_gridville, uniq_duvessa

Skill      XL: |  1  2  3  4 |
---------------+-------------+-----
Axes           | 2 3 5 |  5.2
Fighting       | |  3.2
Armour         | |  3.2
Shields        | |  3.2

Action                     |  1- 3 |  4- 6 || total
---------------------------+-------+-------++-------
  Melee: War axe           |    90 |    53 ||   143
         Unarmed           |       |     9 ||     9
  Throw: Boomerang         |       |     9 ||     9
    Use: Scroll            |     4 |     3 ||     7
         Potion            |       |     2 ||     2
 Armour: Scale mail        |    12 |       ||    12
         Ring mail         |    23 |     6 ||    29
         Chain mail        |       |    30 ||    30
  Dodge: Dodged            |    49 |    27 ||    76
  Block: Buckler           |    16 |     3 ||    19

Table legend:
 A = Non-vault XP
 B = Vault XP
 C = Vault XP percentage of total XP
 D = Non-vault monster count
 E = Vault monster count
 F = Vault count percentage of total count
                 A         B        C        D         E       F
            +---------+---------+-------+---------+---------+-------
      Total |     276 |       0 |   0.0 |      51 |       0 |   0.0
            +---------+---------+-------+---------+---------+-------
        D:1 |      19 |       0 |   0.0 |      10 |       0 |   0.0
        D:2 |      77 |       0 |   0.0 |      23 |       0 |   0.0
        D:3 |      54 |       0 |   0.0 |      17 |       0 |   0.0
        D:4 |     126 |       0 |   0.0 |       1 |       0 |   0.0
            +---------+---------+-------+---------+---------+-------
